[Event "Titled Tuesday Blitz October 31 Early 2023"]
[White "Mrudul Dehankar"]
[Black "ivana_999"]
[WhiteFideId "25096990"]
[WhiteElo "2430"]
[BlackElo "2030"]
[Result "1-0"]
[Round "2"]
[TimeControl "180+1"]
[Date "2023.10.31"]
[WhiteClock "0:00:09"]
[BlackClock "0:00:13"]
[Board "194"]

1. e4 e6 2. d4 d5 3. e5 c5 4. c3 Nc6 5. Nf3 Qb6 6. Bd3 cxd4 7. O-O Bd7 8. Re1 dxc3 9. Nxc3 a6 10. Be3 Qd8 11. Na4 Nge7 12. Rc1 Ng6 13. Bb6 Qb8 14. Nc5 Qc8 15. b4 Be7 16. a4 O-O 17. b5 axb5 18. axb5 Nf4 19. bxc6 Bxc6 20. Nd4 Nxd3 21. Nxd3 Qd7 22. Bc5 Bxc5 23. Nxc5 Qe7 24. Nxc6 bxc6 25. Nd3 Rfc8 26. Rc5 Rab8 27. Qc2 g6 28. Rxc6 Rxc6 29. Qxc6 Qb7 30. Qc2 Qb3 31. Qd2 Rc8 32. h3 Rc2 33. Qd1 Qc3 34. Nf4 Rd2 35. Qa1 Qxa1 36. Rxa1 Rd4 37. g3 Re4 38. Nd3 Kg7 39. Ra3 Rd4 40. Kg2 Rc4 41. Kf3 d4 42. Ke4 Rc3 43. Rxc3 dxc3 44. f4 c2 45. Nc1 h5 46. Kd3 f6 47. Kxc2 fxe5 48. fxe5 g5 49. Ne2 Kg6 50. Nd4 Kf7 51. g4 hxg4 52. hxg4 Ke7 53. Kd3 Kd7 54. Nf3 Kc6 55. Kd4 Kd7 56. Nxg5 Ke7 57. Ne4 Kf7 58. Nf6 Kg6 59. Kc5 Kg5 60. Kd6 Kf4 61. Kxe6 Kg5 62. Kf7 Kh4 63. e6 Kg3 64. e7 Kg2 65. e8=Q Kg1 66. Qe3+ Kg2 67. Ne4 Kh1 68. Qf3+ Kg1 69. Qf2+ Kh1 70. Ng3# 1-0


[Site "https://www.chess.com"]

[Event "Titled Tuesday Blitz October 31 Early 2023"]
[White "Phillips, Rene"]
[Black "crazy_m_attack"]
[WhiteFideId "2056275"]
[WhiteElo "2011"]
[BlackElo "2429"]
[Result "0-1"]
[Round "2"]
[TimeControl "180+1"]
[Date "2023.10.31"]
[WhiteClock "0:00:00"]
[BlackClock "0:00:05"]
[Board "195"]

1. d4 Nf6 2. Bf4 d5 3. e3 c5 4. c3 Nc6 5. Nd2 cxd4 6. exd4 Bf5 7. Qb3 Qc8 8. Ngf3 e6 9. Bb5 Nh5 10. Be5 f6 11. Bg3 Nxg3 12. hxg3 Bd6 13. Nh4 a6 14. Be2 Ne7 15. g4 Bg6 16. Nxg6 Nxg6 17. g5 Qc7 18. gxf6 gxf6 19. g3 O-O-O 20. O-O-O Ne7 21. Rh6 e5 22. dxe5 fxe5 23. Kb1 Qc6 24. Nf3 d4 25. Nxe5 Qe4+ 26. Bd3 Qxe5 27. Re6 Qd5 28. Bc4 Qc6 29. Rxd4 Qc7 30. Rde4 Nc6 31. Bd5 Na5 32. Qa4 Bc5 33. Rc4 Nxc4 34. Qxc4 Kb8 35. Re1 Rhf8 36. Qe4 Bb6 37. Bb3 Rfe8 38. Qxe8 Rxe8 39. Rxe8+ Ka7 40. Re1 Bxf2 41. Bc2 Bxe1 0-1


[Site "https://www.chess.com"]

[Event "Titled Tuesday Blitz October 31 Early 2023"]
[White "Ghosh, Chanchal Kumer"]
[Black "Leve, Nitai"]
[WhiteFideId "10201858"]
[BlackFideId "2006898"]
[WhiteElo "1955"]
[BlackElo "2427"]
[Result "0-1"]
[Round "2"]
[TimeControl "180+1"]
[Date "2023.10.31"]
[WhiteClock "0:00:00"]
[BlackClock "0:00:14"]
[Board "196"]

1. e4 e6 2. Nf3 d5 3. Nc3 dxe4 4. Nxe4 Nf6 5. Nxf6+ gxf6 6. d4 b6 7. Bd3 Bb7 8. c3 f5 9. Bf4 Rg8 10. Bf1 Bd6 11. Qd2 Nc6 12. O-O-O Ne7 13. Bb5+ c6 14. Bf1 Nd5 15. Bxd6 Qxd6 16. Ne5 f6 17. Nd3 O-O-O 18. g3 e5 19. dxe5 fxe5 20. Bg2 e4 21. Ne1 Qc5 22. Qe2 Nb4 23. a3 Rxd1+ 24. Qxd1 Rd8 25. Qe2 Nd3+ 26. Nxd3 Rxd3 27. Rd1 Ba6 28. Rxd3 Bxd3 29. Qe3 Qd5 30. Bh3 Qb3 31. Bxf5+ Kb7 32. Qd2 Qa2 33. Kd1 Qb1+ 34. Qc1 Be2+ 35. Kd2 Qd3+ 36. Ke1 Bf3 37. Qd2 Qb1+ 0-1


[Site "https://www.chess.com"]

[Event "Titled Tuesday Blitz October 31 Early 2023"]
[White "Kuznetsova, Olga"]
[Black "Lohani, Sujana"]
[WhiteFideId "4191323"]
[BlackFideId "12311987"]
[WhiteElo "2425"]
[BlackElo "1951"]
[Result "1-0"]
[Round "2"]
[TimeControl "180+1"]
[Date "2023.10.31"]
[WhiteClock "0:01:31"]
[BlackClock "0:00:00"]
[Board "197"]

1. d4 Nf6 2. Nc3 g6 3. e4 Bg7 4. e5 Ng8 5. f4 d6 6. Nf3 Nh6 7. h3 O-O 8. Bc4 c6 9. O-O b5 10. Bb3 a5 11. a4 b4 12. Ne4 Bf5 13. Neg5 Na6 14. Be3 Rc8 15. g4 Bd7 16. e6 Be8 17. exf7+ Bxf7 18. Bxf7+ Rxf7 19. Nxf7 Nxf7 20. Qd3 Nc7 21. f5 gxf5 22. Qxf5 Nd5 23. Rae1 Nh8 24. Qe6+ Nf7 25. Ng5 Qe8 26. Rxf7 Bf6 27. Rxf6+ 1-0


[Site "https://www.chess.com"]

[Event "Titled Tuesday Blitz October 31 Early 2023"]
[White "Kahlert, Thomas"]
[Black "Mirza, Diana"]
[WhiteFideId "4625242"]
[BlackFideId "2503999"]
[WhiteElo "2423"]
[BlackElo "1941"]
[Result "0-1"]
[Round "2"]
[TimeControl "180+1"]
[Date "2023.10.31"]
[WhiteClock "0:00:42"]
[BlackClock "0:00:20"]
[Board "198"]

1. c4 c5 2. Nf3 Nf6 3. Nc3 g6 4. g3 Bg7 5. Bg2 Nc6 6. O-O O-O 7. d4 cxd4 8. Nxd4 Nxd4 9. Qxd4 d6 10. Qd3 Be6 11. b3 Rb8 12. Bb2 a6 13. Rac1 Bd7 14. Rfd1 b5 15. Nd5 bxc4 16. Qxc4 Bb5 17. Nxf6+ Bxf6 18. Qc2 Bxb2 19. Qxb2 a5 20. Rc3 a4 21. Qd2 axb3 22. axb3 Qa5 23. e3 Rfc8 24. Rdc1 Rxc3 25. Qxc3 Qxc3 26. Rxc3 Kf8 27. h4 Ke8 28. Bf1 Kd7 29. Bxb5+ Rxb5 30. Kf1 d5 31. Ke2 Kd6 32. Kd3 e5 33. Kc2 f5 34. Rc8 Rb7 35. Rh8 d4 36. exd4 exd4 37. Rd8+ Ke5 38. Re8+ Kd5 39. Rd8+ Ke4 40. h5 Rc7+ 41. Kd2 g5 42. Rf8 f4 43. gxf4 gxf4 44. Rf6 Kf3 45. Kd3 Rc3+ 46. Kxd4 Rxb3 47. Ke5 Rb5+ 48. Kd4 Rxh5 49. Kd3 Rh2 50. Kd4 h5 51. Ke5 Rh4 52. Kf5 Kxf2 53. Kg5 Kg3 54. Ra6 f3 55. Ra2 Rh2 56. Ra3 h4 0-1


[Site "https://www.chess.com"]

[Event "Titled Tuesday Blitz October 31 Early 2023"]
[White "Rodriguez, Santiago"]
[Black "Perez Cruz, Adianet"]
[WhiteFideId "3000591"]
[BlackFideId "3510115"]
[WhiteElo "2420"]
[BlackElo "1932"]
[Result "1/2-1/2"]
[Round "2"]
[TimeControl "180+1"]
[Date "2023.10.31"]
[WhiteClock "0:00:10"]
[BlackClock "0:00:33"]
[Board "199"]

1. d4 d5 2. Bf4 Nf6 3. e3 c6 4. c4 Bf5 5. Nc3 e6 6. Qb3 Qb6 7. c5 Qxb3 8. axb3 Be7 9. b4 O-O 10. Nf3 Nbd7 11. Nd2 a6 12. Be2 h6 13. Nb3 Bd8 14. Na5 Bxa5 15. Rxa5 Ne4 16. O-O Ndf6 17. Rfa1 Nxc3 18. bxc3 Ne4 19. R1a3 g5 20. Be5 f6 21. Bc7 Rac8 22. Bb6 e5 23. c4 Be6 24. b5 dxc4 25. bxa6 bxa6 26. Rxa6 c3 27. f3 c2 28. Ra1 Nc3 29. Bd3 Nd1 30. dxe5 fxe5 31. Bxc2 Nxe3 32. Be4 Bd5 33. Kf2 Bxe4 34. Kxe3 Bd5 35. Ra7 Rf7 36. Rxf7 Kxf7 37. Ra7+ Kf6 38. Rh7 Kg6 39. Re7 Kf6 40. Rd7 Ra8 41. Rd6+ Kg7 42. Rd7+ Kg6 43. Ba7 h5 44. g3 g4 45. f4 exf4+ 46. Kxf4 Rf8+ 47. Ke5 Rf2 48. Rxd5 cxd5 49. c6 Rxh2 50. Kxd5 Rd2+ 51. Bd4 h4 52. gxh4 g3 53. c7 Rxd4+ 54. Kxd4 g2 55. c8=Q g1=Q+ 56. Ke5 Qe3+ 57. Kd6 Qd4+ 58. Kc7 Qc5+ 59. Kd8 Qxc8+ 60. Kxc8 Kh5 61. Kd7 Kxh4 1/2-1/2


[Site "https://www.chess.com"]

[Event "Titled Tuesday Blitz October 31 Early 2023"]
[White "Srebrnic, Marko"]
[Black "Desideri, Ricardo Maruchi"]
[WhiteFideId "14603616"]
[BlackFideId "2110440"]
[WhiteElo "2411"]
[BlackElo "1931"]
[Result "1-0"]
[Round "2"]
[TimeControl "180+1"]
[Date "2023.10.31"]
[WhiteClock "0:00:53"]
[BlackClock "0:00:14"]
[Board "200"]

1. e4 c5 2. Nf3 d6 3. d4 cxd4 4. Nxd4 Nf6 5. Nc3 a6 6. Bc4 e6 7. O-O Be7 8. Bb3 Qc7 9. f4 Nc6 10. Kh1 Bd7 11. f5 Nxd4 12. Qxd4 e5 13. Qd3 Bc6 14. Bg5 O-O 15. Bxf6 Bxf6 16. Bd5 Rad8 17. Rad1 Kh8 18. Qc4 h6 19. a4 Rc8 20. Rf3 Rfd8 21. Rfd3 Kg8 22. Qb3 Qe7 23. Qb6 Bg5 24. a5 Bf4 25. g3 Bg5 26. Kg2 Bf6 27. h4 Kh8 28. Kh3 Kg8 29. Qa7 Kh8 30. Bxc6 Rxc6 31. Nd5 Qf8 32. c3 Rb8 33. b3 Rc5 34. b4 Rc4 35. Qe3 Bd8 36. Qf3 Rbc8 37. Rc1 R8c5 38. bxc5 1-0


[Site "https://www.chess.com"]

[Event "Titled Tuesday Blitz October 31 Early 2023"]
[White "Gyulamiryan-koryun"]
[Black "Polaczek, Richard"]
[BlackFideId "200026"]
[WhiteElo "1913"]
[BlackElo "2409"]
[Result "0-1"]
[Round "2"]
[TimeControl "180+1"]
[Date "2023.10.31"]
[WhiteClock "0:00:00"]
[BlackClock "0:00:12"]
[Board "201"]

1. e4 Nf6 2. e5 Nd5 3. d4 d6 4. c4 Nb6 5. f4 dxe5 6. fxe5 c5 7. d5 g6 8. Be3 Bg7 9. Nf3 Bg4 10. Nc3 O-O 11. Bxc5 Bxe5 12. h3 Bxf3 13. Qxf3 N8d7 14. Be3 Rc8 15. c5 Nxc5 16. Rd1 Nba4 17. Nxa4 Nxa4 18. b3 Qa5+ 19. Bd2 Nc3 20. Bc4 b5 21. Bd3 Qxa2 22. O-O Nxd1 23. Qxd1 Qb2 24. Bxb5 Qc2 25. Bd7 Qxd1 26. Rxd1 Rcd8 27. Bc6 e6 28. Bh6 Bg7 29. Bg5 f6 30. Be3 exd5 31. Bxa7 Kh8 32. Bc5 Rf7 33. b4 f5 34. Kh2 Be5+ 35. g3 Rc7 36. Bxd5 Rcd7 0-1


[Site "https://www.chess.com"]

[Event "Titled Tuesday Blitz October 31 Early 2023"]
[White "Alves Campelo, Danilo Cesar De L"]
[Black "Begunov, Konstantin"]
[WhiteFideId "2123657"]
[BlackFideId "4118510"]
[WhiteElo "1907"]
[BlackElo "2408"]
[Result "0-1"]
[Round "2"]
[TimeControl "180+1"]
[Date "2023.10.31"]
[WhiteClock "0:00:00"]
[BlackClock "0:01:01"]
[Board "202"]

1. e4 c5 2. Nf3 d6 3. d4 cxd4 4. Nxd4 Nf6 5. Nc3 a6 6. Bg5 e6 7. f4 Qb6 8. Qd2 Nc6 9. O-O-O Bd7 10. Nxc6 Bxc6 11. e5 dxe5 12. fxe5 Nd7 13. Qe1 Rc8 14. Ne4 Nxe5 15. Nd6+ Bxd6 16. Rxd6 Qc5 17. Qd2 Bd5 18. c4 Qxd6 0-1


[Site "https://www.chess.com"]

[Event "Titled Tuesday Blitz October 31 Early 2023"]
[White "Wickramasinghe, Minethma Lasandi"]
[Black "Kukreja Sankalp"]
[WhiteFideId "9966170"]
[BlackFideId "45027676"]
[WhiteElo "1882"]
[BlackElo "2405"]
[Result "0-1"]
[Round "2"]
[TimeControl "180+1"]
[Date "2023.10.31"]
[WhiteClock "0:00:14"]
[BlackClock "0:00:52"]
[Board "203"]

1. d4 d6 2. c4 g6 3. Nc3 Bg7 4. e4 Nd7 5. Nge2 c5 6. d5 Ngf6 7. Ng3 e6 8. Be2 e5 9. Bg5 O-O 10. h4 h6 11. Be3 h5 12. Bg5 Qb6 13. Qd2 Re8 14. O-O-O Qa5 15. Bh6 Bh8 16. Qg5 Nh7 17. Qe3 a6 18. Rhf1 Rb8 19. f4 exf4 20. Qxf4 Ne5 21. Nxh5 gxh5 22. Bxh5 Qc7 23. Qg3+ Ng6 24. Bxg6 fxg6 25. Qxg6+ Bg7 26. Qxe8+ Nf8 27. Qg6 Nxg6 0-1


[Site "https://www.chess.com"]

[Event "Titled Tuesday Blitz October 31 Early 2023"]
[White "Mohammadian,Mohammad"]
[Black "Xie, Bryan"]
[WhiteFideId "12566055"]
[BlackFideId "30941296"]
[WhiteElo "1867"]
[BlackElo "2402"]
[Result "0-1"]
[Round "2"]
[TimeControl "180+1"]
[Date "2023.10.31"]
[WhiteClock "0:00:25"]
[BlackClock "0:00:17"]
[Board "204"]

1. e4 c5 2. Nf3 e6 3. d4 cxd4 4. Nxd4 Nc6 5. Be3 Qc7 6. Nc3 a6 7. Be2 Nf6 8. O-O b5 9. Nxc6 dxc6 10. Bd3 e5 11. Qe2 Be6 12. a3 Be7 13. Rad1 O-O 14. Rd2 Nd7 15. Rfd1 Nc5 16. Bxc5 Bxc5 17. Kh1 Rad8 18. Qf3 Bd4 19. Bf1 Qa5 20. Qg3 Bxc3 21. Qxc3 Qxc3 22. bxc3 Rxd2 23. Rxd2 Rc8 24. Rd6 Kf8 25. f3 Ke7 26. Rd2 a5 27. Kg1 Rd8 28. Rd3 Rd6 29. Kf2 Kd7 30. Ke3 Kc7 31. g3 f6 32. f4 Bg4 33. h3 Bd1 34. Rxd6 Kxd6 35. Bd3 Kc5 36. g4 exf4+ 37. Kxf4 Kd6 38. Kf5 h5 39. g5 fxg5 40. Kxg5 Ke5 41. h4 Bf3 42. Kg6 Bxe4+ 43. Kxg7 Bxd3 44. cxd3 c5 45. Kg6 b4 46. axb4 cxb4 47. d4+ Kd5 48. Kxh5 bxc3 49. Kg6 c2 50. h5 c1=Q 51. h6 Qg1+ 52. Kf7 Qxd4 53. h7 a4 54. Kg8 Qg4+ 55. Kf7 Qe6+ 56. Kg7 Qe7+ 57. Kg8 Ke6 58. h8=Q Qf7# 0-1


[Site "https://www.chess.com"]

[Event "Titled Tuesday Blitz October 31 Early 2023"]
[White "ssgm49"]
[Black "Luong Phuong Hanh"]
[BlackFideId "12401013"]
[WhiteElo "1829"]
[BlackElo "2402"]
[Result "0-1"]
[Round "2"]
[TimeControl "180+1"]
[Date "2023.10.31"]
[WhiteClock "0:00:00"]
[BlackClock "0:01:53"]
[Board "205"]

1. e4 c5 2. Nf3 e6 3. d4 cxd4 4. Nxd4 a6 5. Nc3 Qc7 6. a3 b5 7. Be3 Bb7 8. f3 Nf6 9. Be2 d5 10. exd5 Nxd5 11. Nxd5 Bxd5 12. O-O Be7 13. Qd2 O-O 14. Rac1 Nc6 15. Nxc6 Qxc6 16. Bd3 Rad8 17. Qe2 Bf6 18. c4 bxc4 19. Bxc4 Bxc4 20. Rxc4 Qb5 21. Rc2 Qb3 22. Rfc1 Rd3 23. Bc5 Rfd8 24. Bb4 Bd4+ 25. Kh1 Be3 26. Rb1 h6 27. Rf1 Qd5 28. h3 a5 29. Bc3 Ba7 30. Kh2 Bb8+ 31. Kh1 Qd6 32. f4 Qd5 33. Rcc1 Rxh3+ 34. Kg1 Ba7+ 35. Rf2 Rg3 0-1


[Site "https://www.chess.com"]

[Event "Titled Tuesday Blitz October 31 Early 2023"]
[White "Ziatdinov, Raset"]
[Black "Skiadopoulos, Nikolaos"]
[WhiteFideId "2015323"]
[BlackFideId "4200772"]
[WhiteElo "2402"]
[BlackElo "1797"]
[Result "1-0"]
[Round "2"]
[TimeControl "180+1"]
[Date "2023.10.31"]
[WhiteClock "0:01:34"]
[BlackClock "0:00:00"]
[Board "206"]

1. e4 c5 2. Nc3 Nc6 3. f4 g6 4. Nf3 Bg7 5. g3 d6 6. Bg2 e6 7. O-O Nge7 8. d3 O-O 9. Be3 a6 10. g4 f5 11. h3 Bd7 12. Qe1 Nd4 13. Qf2 Nec6 14. Nh2 b5 15. Nd1 b4 16. c3 bxc3 17. bxc3 Nb5 18. Rc1 Qa5 19. gxf5 gxf5 20. Nf3 fxe4 21. dxe4 Nxc3 22. Nxc3 Bxc3 23. Ng5 h6 24. Nf3 Bg7 25. e5 Nb4 26. Qd2 Bb5 27. Rf2 Rad8 28. exd6 Qb6 29. Bxc5 1-0


[Site "https://www.chess.com"]

[Event "Titled Tuesday Blitz October 31 Early 2023"]
[White "Nakamura, Hikaru"]
[Black "Halkias, Stelios"]
[WhiteFideId "2016192"]
[BlackFideId "4201809"]
[WhiteElo "3236"]
[BlackElo "2735"]
[Result "1-0"]
[Round "3"]
[TimeControl "180+1"]
[Date "2023.10.31"]
[WhiteClock "0:00:25"]
[BlackClock "0:00:01"]
[Board "1"]

1. Nf3 Nf6 2. b3 g6 3. d4 Bg7 4. Bb2 d6 5. e3 O-O 6. Be2 a5 7. c4 a4 8. b4 c5 9. a3 Bf5 10. O-O Nbd7 11. Nh4 Bxb1 12. Rxb1 cxb4 13. axb4 b5 14. c5 Qb8 15. Ba3 Rd8 16. Qd3 Nd5 17. Rfc1 e5 18. dxe5 dxc5 19. Qxd5 cxb4 20. Bxb4 Nxe5 21. Qxb5 a3 22. Ra1 Qxb5 23. Bxb5 Rdb8 24. Rxa3 Rxa3 25. Bxa3 Bf6 26. Bd6 Rxb5 27. Rc8+ 1-0


[Site "https://www.chess.com"]

[Event "Titled Tuesday Blitz October 31 Early 2023"]
[White "Martinez Alcantara, Jose Eduardo"]
[Black "Fier, Alexandr"]
[WhiteFideId "3805662"]
[BlackFideId "2107139"]
[WhiteElo "3145"]
[BlackElo "2733"]
[Result "1/2-1/2"]
[Round "3"]
[TimeControl "180+1"]
[Date "2023.10.31"]
[WhiteClock "0:00:33"]
[BlackClock "0:00:34"]
[Board "2"]

1. e4 e5 2. Nf3 Nf6 3. Nc3 Nc6 4. h3 Nd4 5. Bc4 Nxf3+ 6. Qxf3 d6 7. d3 Be6 8. O-O Be7 9. Qe2 O-O 10. f4 exf4 11. Bxf4 Re8 12. Bb3 d5 13. e5 Nd7 14. d4 c6 15. Rae1 a5 16. a4 Qb6 17. Be3 Nf8 18. Kh1 Ng6 19. Qh5 Bf8 20. Ne2 c5 21. dxc5 Bxc5 22. Bxc5 Qxc5 23. Nf4 Nxf4 24. Rxf4 b5 25. axb5 Qxb5 26. Ba4 Qxb2 27. Bxe8 Rxe8 28. Qe2 h6 29. Ra4 Qc3 30. Qe3 Qxc2 31. Rxa5 Rb8 32. Rc5 Qa2 33. Rec1 Bf5 34. Qg3 Re8 35. Kh2 Re6 36. Rf1 Rg6 37. Qf2 Qxf2 38. Rxf2 Be6 39. Ra5 Rg5 40. Re2 Rf5 41. Kg3 Rf1 42. Ra8+ Kh7 43. Ra4 g5 44. Ra8 Kg7 45. Rd8 Rf4 46. Kh2 Rc4 47. g4 Rb4 48. Re3 Rc4 49. Kg3 Rb4 50. Rd6 Rc4 51. Rd8 Rb4 52. Ra8 Rc4 53. Ra1 Rb4 54. Rd1 Rc4 55. Rd2 Rb4 56. Kf3 Rc4 57. Red3 Re4 58. Re3 Rf4+ 59. Kg3 Rb4 60. Rf2 Rc4 61. Ree2 Rc3+ 62. Rf3 Rc4 63. Re1 Rb4 64. Rd1 Re4 65. Kf2 Rxe5 66. Re3 Rxe3 67. Kxe3 f5 68. gxf5 Bxf5 69. h4 gxh4 70. Rxd5 Bg4 71. Kf4 h5 72. Rd2 h3 73. Rf2 Kf6 74. Rb2 Ke6 75. Rd2 Kf6 76. Kg3 Ke5 77. Kh2 Ke4 78. Rb2 Kf4 79. Rb4+ Kg5 80. Rb3 Kh4 81. Rb5 Bf3 82. Rb3 Bg4 83. Rb4 Kg5 84. Ra4 Kf5 85. Ra5+ Kf4 86. Ra7 Kg5 87. Rc7 Kf5 88. Rb7 Kg5 89. Rb8 Kf5 90. Rd8 Kg5 91. Rf8 Kh4 92. Rg8 Bf5 93. Rg7 Bg4 94. Rf7 Kg5 95. Kg3 Be6 96. Rf1 Bg4 97. Ra1 Kf5 98. Ra5+ Ke4 99. Rb5 Ke3 100. Re5+ Kd4 101. Re7 Kd3 102. Re8 Kd2 103. Kh2 Kd3 104. Rd8+ Ke3 105. Rf8 Ke4 106. Rb8 Kf4 107. Rb4+ Kg5 1/2-1/2


[Site "https://www.chess.com"]

[Event "Titled Tuesday Blitz October 31 Early 2023"]
[White "NovozhilovSemen"]
[Black "Andreikin, Dmitry"]
[BlackFideId "4158814"]
[WhiteElo "2732"]
[BlackElo "3098"]
[Result "0-1"]
[Round "3"]
[TimeControl "180+1"]
[Date "2023.10.31"]
[WhiteClock "0:00:02"]
[BlackClock "0:00:24"]
[Board "3"]

1. d4 Nf6 2. Nf3 e6 3. c4 b6 4. e3 Bb7 5. Bd3 d5 6. O-O Nbd7 7. b3 Bd6 8. Bb2 O-O 9. Nc3 dxc4 10. bxc4 e5 11. Nd2 Re8 12. Re1 Nf8 13. Nde4 Nxe4 14. Nxe4 Bb4 15. Re2 Ng6 16. a3 Bf8 17. d5 Bc8 18. Ng3 Bd6 19. Bf5 Qh4 20. Qa4 Bxf5 21. Nxf5 Qg4 22. Qc2 e4 23. Nxd6 Nh4 24. g3 cxd6 25. Qd1 Rac8 26. Rc2 Nf3+ 27. Kg2 h5 28. h3 Qg6 29. a4 h4 30. a5 b5 31. cxb5 Ne1+ 32. Qxe1 Rxc2 33. Bd4 hxg3 34. Kh1 gxf2 35. Qd1 Qf5 36. Qg4 f1=Q+ 0-1


[Site "https://www.chess.com"]

[Event "Titled Tuesday Blitz October 31 Early 2023"]
[White "So, Wesley"]
[Black "Csonka, Balazs"]
[WhiteFideId "5202213"]
[BlackFideId "742910"]
[WhiteElo "3095"]
[BlackElo "2728"]
[Result "1-0"]
[Round "3"]
[TimeControl "180+1"]
[Date "2023.10.31"]
[WhiteClock "0:00:11"]
[BlackClock "0:00:01"]
[Board "4"]

1. d4 Nf6 2. c4 e6 3. Nc3 Bb4 4. f3 d5 5. a3 Bd6 6. e4 c5 7. cxd5 exd5 8. e5 cxd4 9. Qxd4 Nc6 10. Bb5 Qe7 11. f4 Bc5 12. Qa4 O-O 13. Nf3 Bg4 14. Be2 Nh5 15. Bd2 Bxf3 16. Bxf3 Qh4+ 17. Kd1 Nd4 18. Be1 Qxf4 19. Bxh5 Qxe5 20. Bf3 Rad8 21. Bh4 Nxf3 22. Bxd8 Nxh2 23. Qh4 h6 24. Qxh2 Qe4 25. Nxe4 1-0


[Site "https://www.chess.com"]

[Event "Titled Tuesday Blitz October 31 Early 2023"]
[White "Karthik Rajaa"]
[Black "Keymer, Vincent"]
[WhiteFideId "25035215"]
[BlackFideId "12940690"]
[WhiteElo "2728"]
[BlackElo "3053"]
[Result "0-1"]
[Round "3"]
[TimeControl "180+1"]
[Date "2023.10.31"]
[WhiteClock "0:00:15"]
[BlackClock "0:00:14"]
[Board "5"]

1. Nf3 Nf6 2. c4 e6 3. g3 d5 4. Bg2 d4 5. O-O Nc6 6. d3 Bc5 7. Nbd2 Be7 8. Nb3 O-O 9. e3 dxe3 10. Bxe3 Ng4 11. Bc5 Bxc5 12. Nxc5 b6 13. Nb3 Bb7 14. d4 Rb8 15. Qe1 Nf6 16. Rd1 Ne7 17. Qc3 Qc8 18. Rfe1 Ng6 19. Nbd2 Rd8 20. Nf1 a5 21. Ne3 h6 22. a3 Ra8 23. b3 Ne7 24. Qb2 Be4 25. Ng4 Nxg4 26. Rxe4 Nf6 27. Ree1 c6 28. Ne5 Qc7 29. b4 axb4 30. axb4 Rac8 31. Qe2 Rd6 32. c5 bxc5 33. bxc5 Rdd8 34. Nc4 Nf5 35. Qe5 Nd5 36. Bh3 Nde7 37. Nb6 Qxe5 38. dxe5 Rb8 39. Nd7 Ra8 40. Nb6 Rxd1 41. Rxd1 Ra5 42. Rd8+ Kh7 43. Nd7 h5 44. Bf1 Ra3 45. Bd3 Rc3 46. Be4 Rc4 47. Bf3 h4 48. Bh5 h3 49. Kf1 Ng6 50. f4 Rc1+ 51. Kf2 Rc2+ 52. Kg1 Rg2+ 53. Kh1 Ne3 54. Nf8+ Nxf8 55. Rxf8 Rf2 0-1


[Site "https://www.chess.com"]

[Event "Titled Tuesday Blitz October 31 Early 2023"]
[White "Terry, Renato"]
[Black "Kosteniuk, Alexandra"]
[WhiteFideId "3803457"]
[BlackFideId "4128125"]
[WhiteElo "3015"]
[BlackElo "2725"]
[Result "1-0"]
[Round "3"]
[TimeControl "180+1"]
[Date "2023.10.31"]
[WhiteClock "0:00:12"]
[BlackClock "0:00:02"]
[Board "6"]

1. d4 Nf6 2. c4 g6 3. Nc3 Bg7 4. e4 d6 5. h3 a5 6. Be3 Na6 7. Nf3 O-O 8. g4 e5 9. d5 Nc5 10. Qc2 h5 11. g5 Nfd7 12. O-O-O a4 13. Kb1 b6 14. Rg1 Ra5 15. Nd2 Bb7 16. Be2 Qe8 17. b4 axb3 18. axb3 Ra8 19. b4 Na6 20. Qb3 Bc8 21. h4 Bb7 22. Kb2 Qe7 23. Ra1 Rfb8 24. Ra3 Qd8 25. Kc2 Bf8 26. Rga1 Be7 27. Ra4 Kh7 28. R1a3 f6 29. gxf6 Bxf6 30. Qa2 Qc8 31. c5 Nxb4+ 32. Rxb4 Rxa3 33. Qxa3 bxc5 34. Rb1 Ra8 35. Qb2 Ba6 36. Bxa6 Qxa6 37. Qb5 Qc8 38. Nf3 Nb6 39. Qc6 Ra7 40. Rxb6 Qg4 41. Rb7 Rxb7 42. Qxb7 Qxf3 43. Qxc7+ Kg8 44. Qc8+ Kg7 45. Qd7+ Kh8 46. Qxd6 Bxh4 47. Qxe5+ Bf6 48. Qe8+ Kg7 49. Qd7+ Kg8 50. Qc8+ Kg7 51. Qxc5 h4 52. Qc7+ Kg8 53. Qf4 Qxf4 54. Bxf4 g5 55. Bh2 g4 56. Ne2 Kf7 57. Kd3 Ke7 58. e5 Bg5 59. Ke4 1-0


[Site "https://www.chess.com"]

[Event "Titled Tuesday Blitz October 31 Early 2023"]
[White "carokannlover213"]
[Black "Pranav, V"]
[BlackFideId "25060783"]
[WhiteElo "2725"]
[BlackElo "3015"]
[Result "0-1"]
[Round "3"]
[TimeControl "180+1"]
[Date "2023.10.31"]
[WhiteClock "0:00:10"]
[BlackClock "0:01:48"]
[Board "7"]

1. e4 c6 2. Nc3 d5 3. Nf3 Bg4 4. h3 Bxf3 5. Qxf3 e6 6. d3 Nd7 7. Be2 Bd6 8. O-O Ngf6 9. d4 dxe4 10. Nxe4 Nxe4 11. Qxe4 O-O 12. b3 e5 13. Bb2 f5 14. Qe3 e4 15. Bc4+ Kh8 16. Be6 Qe7 17. Bxd7 Qxd7 18. f3 Rae8 19. fxe4 Rxe4 20. Qd2 Bb8 21. d5 cxd5 22. Qg5 d4 23. Rad1 Qd6 24. g3 h6 25. Rxd4 0-1


[Site "https://www.chess.com"]

[Event "Titled Tuesday Blitz October 31 Early 2023"]
[White "Le, Quang Liem"]
[Black "Hua, Lefong"]
[WhiteFideId "12401137"]
[BlackFideId "2602253"]
[WhiteElo "3007"]
[BlackElo "2721"]
[Result "1-0"]
[Round "3"]
[TimeControl "180+1"]
[Date "2023.10.31"]
[WhiteClock "0:00:16"]
[BlackClock "0:00:02"]
[Board "8"]

1. Nf3 Nf6 2. c4 g6 3. Nc3 Bg7 4. e4 d6 5. d4 O-O 6. Be2 Bg4 7. Be3 Nfd7 8. Rc1 c5 9. d5 Na6 10. h3 Bxf3 11. Bxf3 Nc7 12. O-O a6 13. a4 e6 14. Re1 exd5 15. exd5 Rb8 16. Be2 Re8 17. Qd2 Ne5 18. f4 Nd7 19. Bf2 f5 20. Bd3 Rxe1+ 21. Rxe1 Qf8 22. a5 Re8 23. Rb1 Qf6 24. Na4 Rb8 25. b4 cxb4 26. Qxb4 Bf8 27. Re1 Qd8 28. Kh2 Ne8 29. Ba7 Rc8 30. Qxb7 Rc7 31. Bb6 Rxb7 32. Bxd8 Kf7 33. Bb6 Nc5 34. Nxc5 dxc5 35. Re6 Nd6 36. Bxc5 Rd7 37. Be3 Bg7 38. c5 Nb5 39. Rxa6 Na3 40. d6 Bc3 41. Bc1 1-0


[Site "https://www.chess.com"]

[Event "Titled Tuesday Blitz October 31 Early 2023"]
[White "Le, Tuan Minh"]
[Black "NLLO777"]
[WhiteFideId "12401153"]
[WhiteElo "2982"]
[BlackElo "2713"]
[Result "1-0"]
[Round "3"]
[TimeControl "180+1"]
[Date "2023.10.31"]
[WhiteClock "0:01:11"]
[BlackClock "0:00:14"]
[Board "9"]

1. d4 Nf6 2. Nf3 e6 3. Bf4 d5 4. e3 Bd6 5. Nbd2 O-O 6. c3 b6 7. Bd3 Ba6 8. Bxa6 Nxa6 9. Bg5 c5 10. Qe2 Nb8 11. e4 Be7 12. e5 Nfd7 13. h4 Nc6 14. a3 Rb8 15. Rh3 b5 16. Rg3 Kh8 17. h5 a5 18. Qe3 b4 19. axb4 axb4 20. Kf1 bxc3 21. bxc3 cxd4 22. cxd4 Nb6 23. Rc1 Na5 24. Kg1 Nbc4 25. Qf4 Nb3 26. Nxb3 Rxb3 27. h6 g6 28. Ra1 Kg8 29. Ra7 Bxg5 30. Nxg5 Rxg3 31. fxg3 1-0


[Site "https://www.chess.com"]

[Event "Titled Tuesday Blitz October 31 Early 2023"]
[White "Shimanov, Aleksandr"]
[Black "Atakhan, Abtin"]
[WhiteFideId "4198603"]
[BlackFideId "22502203"]
[WhiteElo "2974"]
[BlackElo "2711"]
[Result "1-0"]
[Round "3"]
[TimeControl "180+1"]
[Date "2023.10.31"]
[WhiteClock "0:01:59"]
[BlackClock "0:00:40"]
[Board "10"]

1. Nf3 Nf6 2. c4 c5 3. Nc3 Nc6 4. g3 d6 5. Bg2 g6 6. O-O Bg7 7. a3 O-O 8. Rb1 Be6 9. d3 a5 10. Bd2 Rb8 11. Ne1 d5 12. b3 Qd7 13. Nc2 Rfd8 14. Bf4 d4 15. Na4 b6 16. Bxb8 Rxb8 17. b4 axb4 18. axb4 Nxb4 19. Nxb4 cxb4 20. Rxb4 1-0


[Site "https://www.chess.com"]